 Dungeon Crawl Stone Soup version 0.23.2-1-ga50397a6bc (webtiles) character file.

Game seed: 2621115904102124175

171903 Nattfarinn the Earth Mage (level 17, -6/106 HPs)
             Began as a Gargoyle Earth Elementalist on May 31, 2019.
             Was the Champion of Vehumet.
             Mangled by a sea snake (11 damage)
             ... on level 1 of the Shoals on June 2, 2019.
             The game lasted 03:32:03 (43354 turns).

Nattfarinn the Earth Mage (GrEE)                   Turns: 43354, Time: 03:32:05

Health: -6/106     AC: 30    Str:  8 (11) XL:     17   Next: 73%
Magic:  22/40      EV: 14    Int: 23 (27) God:    Vehumet [******]
Gold:   1889       SH:  6    Dex:  7 (10) Spells: 1/36 levels left

rFire    . . .     SeeInvis .   b - +8 war axe of Contradiction {chop, Fragile rPois rN+ Int+3 Stlth+}
rCold    . . .     Gourm    .   X - +2 buckler {AC+3}
rNeg     + + .     Faith    +   V - +2 robe {Archmagi}
rPois    ∞         Spirit   .   B - +1 helmet
rElec    +         Reflect  .   e - +0 cloak
rCorr    .         Harm     .   i - +0 pair of gloves
MR       +....                  j - +0 pair of boots
Stlth    +.........             W - amulet of faith
HPRegen  0.27/turn              J - ring of magical power
MPRegen  0.27/turn              N - +4 ring of protection

@: about to teleport, flying, slowed, glowing, very slow
A: big wings, negative energy resistance 1, electricity resistance, unbreathing,
petrification resistance, rot immunity, AC +12
}: 1/15 runes: gossamer
a: Stop Flying, Renounce Religion


You were on level 1 of the Shoals.
You worshipped Vehumet.
Vehumet was exalted by your worship.
You were hungry.

You visited 6 branches of the dungeon, and saw 29 of its levels.
You also visited: Bailey.

You collected 2453 gold pieces.
You spent 564 gold pieces at shops.

Inventory:

Hand Weapons
 b - the +8 war axe of Contradiction (weapon) {chop, Fragile rPois rN+ Int+3 Stlth+}
   (You found it on level 5 of the Dungeon)

   It inflicts extra damage upon your enemies.
   It affects your intelligence (+3).
   It protects you from poison.
   It protects you from negative energy.
   It will be destroyed if unequipped.
   It makes you more stealthy.
Missiles
 G - 576 stones (quivered)
Armour
 e - a +0 cloak (worn)
 i - a +0 pair of gloves (worn)
 j - a +0 pair of boots (worn)
 B - a +1 helmet (worn)
 V - a +2 robe of the Archmagi (worn)
 X - a +2 buckler of protection (worn)
Magical Staves
 z - an uncursed staff of poison
Jewellery
 J - a ring of magical power (left hand)
 N - a +4 ring of protection (right hand)
 W - an amulet of faith (around neck)
Wands
 h - a wand of clouds (3)
 x - a wand of iceblast (22)
 C - a wand of paralysis (20)
 H - a wand of random effects (14)
 I - a wand of flame (36)
 K - a wand of polymorph (32)
 P - a wand of acid (11)
 U - a wand of digging (1)
Scrolls
 m - 9 scrolls of teleportation
 n - 4 scrolls of amnesia
 o - 6 scrolls of enchant weapon
 p - 2 scrolls of silence
 r - 13 scrolls of remove curse
 u - 5 scrolls of immolation
 A - 4 scrolls of fog
 D - 3 scrolls of torment
 M - a scroll of summoning
 Q - 2 scrolls of holy word
 Y - a scroll of noise {unknown}
 Z - 2 scrolls of magic mapping
Potions
 a - 3 potions of brilliance
 f - 5 potions of might
 k - 3 potions of ambrosia
 l - 4 potions of mutation
 q - 3 potions of berserk rage
 s - 2 potions of lignification
 t - 3 potions of haste
 E - 5 potions of agility
 F - 2 potions of cancellation {unknown}
 O - 2 potions of resistance {unknown}
 R - 2 potions of magic {unknown}
Miscellaneous
 c - a lightning rod (4/4)
Comestibles
 d - 42 rations
 S - 7 chunks of flesh


   Skills:
 - Level 12.0 Fighting
 - Level 6.3 Armour
 - Level 7.2 Dodging
 - Level 2.1 Stealth
 - Level 4.0 Shields
 - Level 10.3 Spellcasting
 - Level 12.1 Conjurations
 - Level 15.5 Summonings
   Level 0.7 Transmutations
 * Level 19.8 Earth Magic


You had one spell level left.
You knew the following spells:

 Your Spells              Type           Power        Failure   Level  Hunger
a - Spellforged Servitor  Conj/Summ      #######...   4%          7    #######
b - Stone Arrow           Conj/Erth      ######       0%          3    None
c - Lee's Rapid Deconstr  Erth           ########..   1%          5    ####...
d - Summon Mana Viper     Hex/Summ       ######..     6%          5    ####...
e - Summon Hydra          Summ           #######...   8%          7    #######
f - Lehudib's Crystal Sp  Conj/Erth      #######...   13%         8    #######

Your spell library contained the following spells:

 Spells                   Type           Power        Failure   Level  Hunger
 Fire Storm               Conj/Fire      ######....   100%        9    #######
 Glaciate                 Conj/Ice       ######....   100%        9    #######
 Sandblast                Erth           ######       0%          1    None
 Summon Butterflies       Summ           #######.     0%          1    None
 Summon Small Mammal      Summ           ####         0%          1    None
 Confusing Touch          Hex            ###...       5%          1    None
 Corona                   Hex            ###....      5%          1    None
 Call Imp                 Summ           #######.     0%          2    None
 Passwall                 Tmut/Erth      ######..     1%          2    None
 Call Canine Familiar     Summ           #######.     1%          3    None
 Dazzling Spray           Conj/Hex       ######       1%          3    None
 Summon Guardian Golem    Hex/Summ       ######..     1%          3    None
 Petrify                  Tmut/Erth      ######..     1%          4    #......
 Summon Ice Beast         Ice/Summ       ######..     2%          4    #......
 Summon Lightning Spire   Summ/Air       ######..     2%          4    #......
 Ensorcelled Hibernation  Hex/Ice        ###...       9%          2    None
 Confuse                  Hex            ###.....     16%         3    None
 Gell's Gravitas          Tloc           ###.......   16%         3    None
 Tukima's Dance           Hex            ###.....     16%         3    None
 Yara's Violent Unravell  Hex/Tmut       ###.......   32%         5    ####...
 Cause Fear               Hex            ###.......   47%         4    #......
 Metabolic Englaciation   Hex/Ice        ###.......   83%         5    ####...
 Silence                  Hex/Air        ###.......   83%         5    ####...
 Deflect Missiles         Chrm/Air       ###.......   100%        6    ######.
 Discord                  Hex            ###.......   100%        8    #######


Dungeon Overview and Level Annotations

Branches:
Dungeon (15/15)            Temple (1/1) D:4            Lair (6/6) D:10
 Shoals (1/4) Lair:2       Spider (4/4) Lair:4        Slime (0/5) Lair:5
    Orc (2/2) D:10            Elf (0/3) Orc:2        Vaults (0/5) D:14
 Depths (0/5) D:15

Altars:
Cheibriados
Dithmenos
Elyvilon
Fedhas
Gozag
Kikubaaqudgha
Makhleb
Okawaru
Qazlal
Ru
Trog
Vehumet
Wu Jian
Xom
Yredelemnul

Shops:
D:4 [(!%   D:5 }   D:11 =   Orc:1 *   Orc:2 ?*}(   Shoals:1 %

Annotations:
D:11 2 transporters, hofbold's ghost, journeyman VSAE
D:14 exclusions: ice statue and orange crystal statue, Roxanne
Lair:6 1 runed translucent door
Shoals:1 Jorgrun


Innate Abilities, Weirdness & Mutations

You are resistant to torment.
Your stone body is resilient. (AC +12)
You are immune to poison.
Your large and strong wings let you fly indefinitely.
You resist negative energy. (rN+)
You are resistant to electric shocks. (rElec)
You can survive without breathing.
You are immune to petrification.
You are immune to rotting.


Message History

The sea snake bites you but does no damage.
Jorgrun casts a spell at you.
You are unaffected.
The grasping roots constrict your spellforged servitor!
Some of the chunks of flesh in your inventory have rotted away.
The sea snake bites you!
* * * LOW HITPOINT WARNING * * *
The grasping roots constrict your spellforged servitor.
Your spellforged servitor gestures at the faun while chanting.
The wall shatters!
The blast of rock fragments hits the faun!!
The sea snake bites you but does no damage.
Your spellforged servitor hums quietly as it recharges.
Jorgrun points at you and mumbles some strange words.
You are unaffected.
The grasping roots constrict your spellforged servitor.
Your spellforged servitor is destroyed!
The sea snake bites you but does no damage.
The sea snake bites you!
You die...

≈≈≈≈≈≈PP≈..≈..≈≈≈≈≈≈
≈≈≈≈P≈≈P≈##).≈≈≈≈≈≈.
≈≈≈≈≈≈≈≈≈.#.c≈≈≈≈..#
≈≈≈≈≈≈≈≈≈≈)≈g≈≈≈≈.#
≈≈≈≈≈≈≈≈≈≈c≈≈≈≈≈≈.#
≈≈≈≈≈≈≈≈≈≈≈≈(≈≈...#
≈≈≈≈≈≈≈≈((≈≈≈≈≈≈.###
≈≈≈≈≈≈≈SS≈≈≈≈.≈≈.(.#.
≈≈≈≈≈≈(@(..)≈≈≈≈≈≈....≈
≈≈≈≈≈≈.......≈≈≈≈≈≈≈≈≈≈≈
≈≈≈≈≈≈≈...##..≈>≈≈≈≈≈≈≈≈
≈≈≈≈≈......##...≈≈.≈≈≈≈≈
≈≈≈≈.........##.≈≈.≈≈≈≈≈
≈≈≈≈≈...###.....≈≈≈≈≈≈≈≈
≈≈≈≈≈≈..# #.≈..≈≈≈≈≈≈.)≈
≈≈≈≈≈≈≈..##.≈.[..≈≈≈≈≈≈≈
≈≈≈≈≈ .#...###≈≈≈≈≈.≈.


You could see Jorgrun, 2 sea snakes and 2 fauns.

Vanquished Creatures
  Arachne (Spider:4)
  A ghost moth (Spider:1)
  4 entropy weavers
  Nessos (Lair:6)
  2 spark wasps (Spider:4)
  An ettin (D:15)
  Josephine (D:12)
  Fannar (D:11)
  A yaktaur captain (D:15)
  An ogre mage (D:15)
  2 hydras
  3 vault guards (D:14)
  2 great orbs of eyes (D:15)
  Erolcha (D:10)
  Erica (D:10)
  A death knight (D:11)
  5 two-headed ogres
  3 centaur warriors
  2 tengu warriors
  4 orc high priests (Orc:2)
  11 skeletal warriors
  A deep troll (D:15)
  3 unseen horrors
  A wizard (D:14)
  A sea snake (Shoals:1)
  3 lindwurms (Lair:6)
  11 deep elf magi
  An orc knight (D:14)
  11 orb spiders
  A phantasmal warrior (D:15)
  7 ugly things
  A wolf spider zombie (D:15)
  2 orc sorcerers
  12 wolf spiders
  7 cyclopes
  4 manticores
  4 elephants (Lair:5)
  2 moths of wrath
  Maurice (D:10)
  2 black mambas
  A gargoyle (D:12)
  A water nymph (Shoals:1)
  7 spiny frogs
  5 torpor snails
  2 kobold demonologists (D:15)
  2 rime drakes (Lair:6)
  5 demonic crawlers
  2 freezing wraiths (D:15)
  4 komodo dragons
  3 tengu conjurers (D:15)
  A queen bee (Lair:5)
  4 meliai
  3 polar bears
  8 jumping spiders
  12 blink frogs
  11 trolls
  Prince Ribbit (D:5)
  2 tyrant leeches (Lair:6)
  8 hornets
  4 dream sheep (Lair:5)
  A harpy skeleton (D:15)
  13 hippogriffs
  2 snapping turtles
  8 slime creatures
  14 tarantellas
  2 water elementals (D:12)
  A shadow (D:15)
  A spriggan (shapeshifter) (D:15)
  5 wyverns
  5 wraiths
  A vampire (D:15)
  41 yaks
  33 redbacks
  A steam dragon (D:14)
  3 hungry ghosts
  5 basilisks
  8 vampire mosquitoes
  2 wargs
  7 water moccasins
  2 hell hounds (Lair:6)
  12 porcupines
  Duvessa (D:6)
  A floating eye (D:15)
  A hornet zombie (D:15)
  4 sky beasts
  4 black bears
  21 orc warriors
  3 ice beasts
  2 eyes of draining
  6 phantoms
  A necrophage (D:10)
  22 ogres
  13 centaurs
  15 crocodiles
  3 wolves (Lair:3)
  6 big kobolds
  28 bullfrogs
  Dowan (D:6)
  A gnoll sergeant (D:5)
  7 scorpions
  A water moccasin skeleton (D:8)
  A wyvern skeleton (D:9)
  31 killer bees
  4 wights
  7 electric eels
  5 howler monkeys
  8 crimson imps
  A lava snake (Lair:6)
  9 jellies
  3 bullfrog zombies
  11 centaur skeletons
  3 centaur zombies
  2 bullfrog skeletons
  A gnoll shaman (D:7)
  4 hounds
  38 orc priests
  Natasha (thrice) (D:4)
  Terence (D:2)
  An iguana (D:4)
  32 orc wizards
  11 worker ants
  A killer bee zombie (D:7)
  3 hound skeletons
  A worker ant zombie (D:11)
  Robin (D:2)
  3 howler monkey skeletons
  15 gnolls
  16 adders
  4 shadow imps
  12 white imps (Lair:2)
  3 adder skeletons
  An adder zombie (D:6)
  5 worms
  2 dart slugs
  5 leopard geckos
  107 orcs
  5 ball pythons
  5 giant cockroaches
  14 goblins
  9 hobgoblins
  4 jackals (D:6)
  39 kobolds
  5 quokkas
  10 bats
  3 frilled lizards
  2 leopard gecko skeletons
  A leopard gecko zombie (D:6)
  8 rats
  A fungus (Lair:6)
  A plant (Lair:6)
980 creatures vanquished.

Vanquished Creatures (collateral kills)
  A shadow dragon (D:15)
  A frost giant (D:15)
  4 ghost moths (Spider:4)
  4 emperor scorpions
  An entropy weaver (Spider:2)
  2 spark wasps (Spider:4)
  A merfolk impaler (Shoals:1)
  A yaktaur captain (D:15)
  A rakshasa (D:15)
  An ice dragon (D:15)
  5 vault guards
  4 hydras
  A two-headed ogre (D:15)
  A tengu warrior (D:15)
  2 skeletal warriors
  2 orc knights (D:15)
  A faun (Shoals:1)
  3 orb spiders
  24 wolf spiders
  A moth of wrath (Spider:4)
  3 cyclopes (D:15)
  2 torpor snails (Lair:6)
  A merfolk siren (Shoals:1)
  2 water nymphs (Shoals:1)
  A spiny frog (Lair:6)
  2 centaur skeletons (D:15)
  A rime drake (Lair:6)
  6 demonic crawlers
  A komodo dragon (Lair:6)
  15 jumping spiders
  3 blink frogs (Lair:4)
  7 hornets
  4 hippogriffs
  A tyrant leech (Lair:6)
  29 redbacks
  5 wyverns (Lair:6)
  9 tarantellas
  A vampire mosquito (Spider:3)
  A floating eye (D:15)
  A crocodile (Lair:6)
  A wight (D:15)
  2 electric eels (Spider:2)
  A fungus (Lair:6)
  2 plants (Lair:6)
162 creatures vanquished.

Vanquished Creatures (others)
  A necromancer (D:15)
  An orc wizard (D:11)
  An adder (D:11)
  A goblin (Bailey)
  16 fungi
  19 plants
39 creatures vanquished.

Grand Total: 1181 creatures vanquished

Notes
Turn   | Place    | Note
-------+----------+-------------------------------------------
     0 | D:1      | Nattfarinn the Gargoyle Earth Elementalist began the quest
                  | for the Orb.
     0 | D:1      | Reached XP level 1. HP: 10/10 MP: 3/3
    75 | D:1      | Reached skill level 4 in Earth Magic
    87 | D:1      | Reached XP level 2. HP: 15/15 MP: 1/5
   645 | D:2      | Reached skill level 5 in Earth Magic
   645 | D:2      | Reached XP level 3. HP: 19/19 MP: 2/6
   867 | D:2      | You fall through a shaft for 2 floors!
   867 | D:4      | Found Ciont's Weapon Boutique.
   934 | D:4      | Found Onluev's Distillery.
   975 | D:4      | Noticed an ice beast
   979 | D:4      | Killed an ice beast
   979 | D:4      | Reached skill level 6 in Earth Magic
   979 | D:4      | Reached XP level 4. HP: 8/24 MP: 3/7
   979 | D:4      | Reached XP level 5. HP: 10/28 MP: 3/8
  1287 | D:3      | Reached skill level 7 in Earth Magic
  1421 | D:3      | Found a white marble altar of Elyvilon.
  1713 | D:3      | Reached XP level 6. HP: 32/32 MP: 7/9
  1721 | D:3      | Reached skill level 8 in Earth Magic
  2442 | D:2      | Noticed Terence
  2455 | D:2      | Killed Terence
  2455 | D:2      | Reached skill level 9 in Earth Magic
  2670 | D:2      | Noticed Robin
  2673 | D:2      | Reached XP level 7. HP: 36/36 MP: 5/10
  2676 | D:2      | Killed Robin
  2939 | D:4      | Noticed Natasha
  2944 | D:4      | Killed Natasha
  3107 | D:4      | Found Xul Ciup's Food Shop.
  3170 | D:4      | Learned a level 3 spell: Stone Arrow
  3263 | D:4      | Found a staircase to the Ecumenical Temple.
  3287 | Temple   | Entered the Ecumenical Temple
  3391 | Temple   | Became a worshipper of Vehumet
  3757 | D:4      | Noticed Natasha
  3759 | D:4      | Killed Natasha
  3759 | D:4      | Reached skill level 10 in Earth Magic
  3761 | D:4      | Found Pithrehe's Armour Boutique.
  3817 | D:4      | Reached skill level 1 in Conjurations
  4118 | D:4      | Noticed Natasha
  4196 | D:4      | Killed Natasha
  4262 | D:5      | Entered Level 5 of the Dungeon
  4332 | D:5      | Got a crude war axe
  4333 | D:5      | Identified the +8 war axe of Contradiction {chop, Fragile
                  | rPois rN+ Int+3 Stlth+} (You found it on level 5 of the
                  | Dungeon)
  4512 | D:4      | Reached XP level 8. HP: 27/41 MP: 1/11
  4683 | D:5      | Reached skill level 5 in Conjurations
  4691 | D:5      | Reached * piety under Vehumet
  4691 | D:5      | Offered knowledge of Flame Tongue by Vehumet.
  4825 | D:5      | Found a basalt altar of Yredelemnul.
  4841 | D:5      | Noticed Prince Ribbit
  4845 | D:5      | Killed Prince Ribbit
  4853 | D:5      | Found Fecaschof's Gadget Shop.
  5430 | D:5      | Reached XP level 9. HP: 45/45 MP: 6/13
  5935 | D:6      | Reached ** piety under Vehumet
  5991 | D:6      | Offered knowledge of Shock by Vehumet.
  6444 | D:6      | Reached skill level 10 in Conjurations
  6464 | D:6      | Noticed Duvessa
  6467 | D:6      | Noticed Dowan
  6471 | D:6      | Killed Duvessa
  6475 | D:6      | Killed Dowan
  7296 | D:7      | Offered knowledge of Ignite Poison by Vehumet.
  7354 | D:7      | Reached skill level 5 in Spellcasting
  7354 | D:7      | Reached XP level 10. HP: 33/50 MP: 13/17
  7542 | D:7      | Found a flagged portal.
  7551 | Bailey   | Entered a bailey
  7679 | Bailey   | Found an iron altar of Okawaru.
  7679 | Bailey   | Noticed an orc high priest
  7679 | Bailey   | Noticed an orc sorcerer
  7679 | Bailey   | Noticed an orc knight
  7689 | Bailey   | Killed an orc sorcerer
  8130 | D:7      | Reached *** piety under Vehumet
  8796 | D:8      | Learned a level 5 spell: Lee's Rapid Deconstruction
  8853 | D:8      | Offered knowledge of Conjure Flame by Vehumet.
  8873 | D:8      | Found a burning altar of Makhleb.
  8950 | D:8      | Reached skill level 1 in Fighting
  9438 | D:9      | Reached **** piety under Vehumet
  9473 | D:9      | Offered knowledge of Airstrike by Vehumet.
 10021 | D:10     | Entered Level 10 of the Dungeon
 10042 | D:10     | Noticed Erica
 10190 | D:10     | Reached skill level 5 in Fighting
 10208 | D:10     | Reached XP level 11. HP: 48/64 MP: 13/21
 10393 | D:10     | Learned a level 4 spell: Petrify
 10417 | D:10     | Noticed Erolcha
 10418 | D:10     | Reached skill level 1 in Summonings
 10422 | D:10     | Killed Erolcha
 10787 | D:10     | Noticed Maurice
 10788 | D:10     | Reached skill level 5 in Summonings
 10898 | D:10     | Killed Maurice
 10925 | D:10     | Found a staircase to the Lair.
 10927 | D:10     | Reached ***** piety under Vehumet
 10932 | D:10     | Offered knowledge of Throw Icicle by Vehumet.
 10967 | D:10     | Killed Erica
 11187 | D:10     | Found a staircase to the Orcish Mines.
 11681 | D:11     | Noticed a cyclops
 11685 | D:11     | Killed a cyclops
 11796 | D:11     | Noticed Fannar
 11821 | D:11     | Killed Fannar
 11836 | D:11     | Noticed a cyclops
 11988 | D:11     | Killed a cyclops
 12001 | D:11     | Noticed a two-headed ogre
 12007 | D:11     | Killed a two-headed ogre
 12051 | D:11     | Reached skill level 10 in Summonings
 12051 | D:11     | Reached XP level 12. HP: 68/74 MP: 13/22
 12111 | D:11     | Noticed a catoblepas
 12114 | D:11     | Noticed hofbold's ghost (journeyman VSAE)
 12122 | D:11     | Found a transporter.
 12125 | D:11     | Found a transporter.
 12518 | D:11     | Noticed a death knight
 12534 | D:11     | Killed a death knight
 12904 | D:11     | Found Arasevepni's Jewellery Shop.
 12921 | D:11     | Got an ancient long sword
 12922 | D:11     | Identified the cursed +1 long sword of Fecas {slice, Int+6
                  | Dex+3} (You found it on level 11 of the Dungeon)
 12933 | D:11     | Bought an uncursed ring of magical power for 340 gold
                  | pieces
 14158 | D:12     | Reached skill level 10 in Fighting
 14162 | D:12     | Noticed a two-headed ogre
 14167 | D:11     | Killed a two-headed ogre
 15307 | D:12     | Reached XP level 13. HP: 86/86 MP: 14/23
 15393 | D:12     | Learned a level 7 spell: Summon Hydra
 15616 | D:12     | Noticed Josephine
 15623 | D:12     | Killed Josephine
 16733 | D:13     | Offered knowledge of Lightning Bolt by Vehumet.
 17296 | D:14     | Noticed a vault guard
 17301 | D:14     | Killed a vault guard
 17545 | D:14     | Noticed a vault guard
 17547 | D:14     | Noticed a vault guard
 17671 | D:14     | Noticed a vault guard
 17677 | D:14     | Killed a vault guard
 17679 | D:14     | Killed a vault guard
 18708 | D:13     | Killed a vault guard
 18708 | D:13     | Gained mutation: Your large and strong wings let you fly
                  | indefinitely. [Gargoyle growth]
 18708 | D:13     | Reached XP level 14. HP: 80/92 MP: 27/27
 18819 | D:14     | Found a gate to the Vaults.
 19579 | D:14     | Identified Roxanne's Tome of Shape Shifting
 19579 | D:14     | Noticed Roxanne
 20212 | D:15     | Entered Level 15 of the Dungeon
 20449 | D:15     | Found a stormy altar of Qazlal.
 20487 | D:15     | Noticed a shadow dragon
 20637 | D:15     | Reached skill level 15 in Summonings
 20848 | D:15     | Learned a level 3 spell: Confuse
 20889 | D:15     | Identified the ring "Vuaf" {+Fly rF- Str+8}
 20901 | D:15     | Reached skill level 10 in Spellcasting
 21048 | D:15     | Offered knowledge of Venom Bolt by Vehumet.
 21059 | D:15     | Got a scintillating ivory ring
 21060 | D:15     | Identified the ring of Ciryd {*Tele rC+ Slay+3} (You found
                  | it on level 15 of the Dungeon)
 21542 | D:15     | Paralysed by a floating eye for 2 turns
 21651 | D:15     | Found a bloodstained altar of Trog.
 21920 | D:15     | Reached skill level 1 in Armour
 22045 | D:15     | Found a shadowy altar of Dithmenos.
 22785 | D:15     | Killed a shadow dragon
 22892 | D:15     | Reached XP level 15. HP: 83/96 MP: 24/29
 22988 | D:15     | Noticed a frost giant
 22995 | D:15     | Killed a frost giant
 23394 | D:15     | Got a vibrating lead ring
 23396 | D:15     | Identified the ring "Moqim" {+Fly rElec Str+3} (You found
                  | it on level 15 of the Dungeon)
 23542 | D:15     | Found a staircase to the Depths.
 23621 | D:15     | Reached skill level 5 in Dodging
 24127 | Orc:1    | Entered Level 1 of the Orcish Mines
 24490 | Orc:1    | Found Tixavito's Assorted Antiques.
 24605 | Orc:2    | Entered Level 2 of the Orcish Mines
 24606 | Orc:2    | Offered knowledge of Bolt of Fire by Vehumet.
 24782 | Orc:2    | Found Qaenoun's Magic Scroll Emporium.
 24911 | Orc:2    | Reached skill level 5 in Armour
 24924 | Orc:2    | Bought a scroll of blinking for 112 gold pieces
 24924 | Orc:2    | Bought a scroll of blinking for 112 gold pieces
 26083 | Orc:2    | Found Peemed's General Store.
 26083 | Orc:2    | Found Nainixi's Weapon Shoppe.
 26089 | Orc:2    | Found Mugestiu's Magic Scroll Shoppe.
 26091 | Orc:2    | Found Epnuposm's Gadget Emporium.
 26925 | Orc:2    | Found a staircase to the Elven Halls.
 27203 | Lair:1   | Entered Level 1 of the Lair of Beasts
 27610 | Lair:1   | Reached skill level 1 in Shields
 27967 | Lair:2   | Offered knowledge of Freezing Cloud by Vehumet.
 28124 | Lair:2   | Found a frozen archway.
 28236 | Lair:2   | You are sucked into a shaft for 2 floors!
 29162 | Lair:2   | Found a staircase to the Shoals.
 30394 | Lair:4   | Reached skill level 11 in Earth Magic
 30605 | Lair:4   | Found a hole to the Spider Nest.
 31453 | Lair:5   | Reached skill level 12 in Earth Magic
 31548 | Lair:5   | Found a staircase to the Slime Pits.
 31555 | Lair:5   | Offered knowledge of Spellforged Servitor by Vehumet.
 31763 | Lair:5   | Reached XP level 16. HP: 101/101 MP: 30/30
 32620 | Lair:5   | Reached skill level 13 in Earth Magic
 32911 | Lair:6   | Entered Level 6 of the Lair of Beasts
 33326 | Lair:6   | Noticed Nessos
 33336 | Lair:6   | Killed Nessos
 33481 | Lair:6   | Learned a level 7 spell: Spellforged Servitor
 33683 | Lair:6   | Reached skill level 14 in Earth Magic
 33979 | Lair:6   | Reached ****** piety under Vehumet
 34319 | Lair:6   | Found a runed translucent door.
 35038 | Spider:1 | Entered Level 1 of the Spider Nest
 35044 | Spider:1 | Offered knowledge of Iron Shot by Vehumet.
 35050 | Spider:1 | Reached skill level 15 in Earth Magic
 36418 | Spider:2 | Reached skill level 16 in Earth Magic
 37190 | Spider:1 | Offered knowledge of Lehudib's Crystal Spear by Vehumet.
 37190 | Spider:1 | Offered knowledge of Fire Storm by Vehumet.
 37190 | Spider:1 | Offered knowledge of Glaciate by Vehumet.
 37339 | Spider:1 | Learned a level 8 spell: Lehudib's Crystal Spear
 37918 | Spider:3 | Reached skill level 17 in Earth Magic
 38037 | Spider:3 | Reached XP level 17. HP: 100/106 MP: 31/31
 38646 | Spider:4 | Entered Level 4 of the Spider Nest
 38796 | Spider:4 | Reached skill level 18 in Earth Magic
 38797 | Spider:4 | Noticed Arachne
 38802 | Spider:4 | Killed Arachne
 40039 | Spider:3 | Learned a level 5 spell: Summon Mana Viper
 40310 | Spider:4 | Reached skill level 19 in Earth Magic
 42711 | Spider:4 | Got a gossamer rune of Zot
 43116 | Shoals:1 | Entered Level 1 of the Shoals
 43116 | Shoals:1 | Found Rupnuwn's Food Boutique.
 43348 | Shoals:1 | Noticed Jorgrun
 43353 | Shoals:1 | HP: 4/106 [sea snake (8)]
 43354 | Shoals:1 | Mangled by a sea snake

Skill      XL: |  1  2  3  4  5  6  7  8  9 10 11 12 13 14 15 16 17 |
---------------+----------------------------------------------------+-----
Earth Magic    | 4 5 6 7 9 10 12 17 19 | 19.8
Conjurations   | 4 8 10 12 | 12.1
Spellcasting   | 5 6 7 9 10 | 10.3
Fighting       | 5 8 12 | 12.0
Summonings     | 10 12 14 15 | 15.5
Dodging        | 4 7 |  7.2
Armour         | 3 6 |  6.3
Shields        | 4 |  4.0
Stealth        | |  2.1
Transmutations | |  0.7

Action                   |  1- 3 |  4- 6 |  7- 9 | 10-12 | 13-15 | 16-18 || total
-------------------------+-------+-------+-------+-------+-------+-------++-------
Melee: Unarmed           |     7 |     2 |    31 |       |       |       ||    40
       Flail             |       |       |    12 |       |       |       ||    12
       War axe           |       |       |   111 |   320 |   205 |   200 ||   836
 Cast: Sandblast         |    37 |    78 |    95 |    40 |    16 |       ||   266
       Stone Arrow       |       |       |    59 |   196 |   482 |   261 ||   998
       Lee's Rapid Decon |       |       |       |    19 |   164 |   116 ||   299
       Petrify           |       |       |       |     1 |     6 |     1 ||     8
       Summon Hydra      |       |       |       |       |    26 |       ||    26
       Spellforged Servi |       |       |       |       |       |    61 ||    61
       Summon Mana Viper |       |       |       |       |       |    29 ||    29
 Abil: Fly               |       |       |       |       |     1 |       ||     1
  Use: Potion            |       |       |     3 |     5 |     2 |     7 ||    17
       Scroll            |       |       |     6 |     8 |    17 |    23 ||    54
 Stab: Sleeping          |       |       |     4 |    14 |     4 |       ||    22
       Petrified         |       |       |       |       |     1 |       ||     1
       Distracted        |       |       |       |       |     1 |     2 ||     3
       Petrifying        |       |       |       |       |       |     1 ||     1
  Eat: Chunk             |     1 |     6 |    18 |    23 |    50 |    41 ||   139
       Ration            |       |       |     1 |     3 |    12 |    12 ||    28
Armor: Robe              |     6 |    13 |   102 |   272 |   184 |   623 ||  1200
       Steam dragon scal |       |       |       |       |   163 |       ||   163
Dodge: Dodged            |    13 |    17 |   153 |   432 |   408 |   469 ||  1492
Block: Buckler           |       |       |       |       |    25 |   158 ||   183
